 Dungeon Crawl Stone Soup version 0.21.1-1-g345015f (webtiles) character file.

508 letownia2 the Conjurer (level 7, 0/40 HPs)
             Began as a Tengu Fire Elementalist on Mar 4, 2018.
             Was an Initiate of Cheibriados.
             Slain by an ogre
             ... wielding a +0 giant club
              (9 damage)
             ... on level 6 of the Dungeon.
             The game lasted 00:08:14 (1313 turns).

letownia2 the Conjurer (Tengu Fire Elementalist)    Turns: 1313, Time: 00:08:14

Health: 0/40       AC:  8    Str: 15    XL:     7   Next: 18%
Magic:  6/11       EV: 12    Int: 19    God:    Cheibriados [......]
Gold:   167        SH:  0    Dex: 19    Spells: 6/10 levels left

rFire    + . .     SeeInvis .   a - +0 flail (drain)
rCold    x . .     Gourm    .   (no shield)
rNeg     . . .     Faith    .   s - +3 ring mail
rPois    .         Spirit   .   (helmet restricted)
rElec    .         Reflect  .   (no cloak)
rCorr    .         Harm     .   (no gloves)
MR       ++...                  (boots unavailable)
Stlth    ++........             (no amulet)
HPRegen  0.13/turn              g - +6 ring of strength
MPRegen  0.12/turn              q - ring of Sylyph Neatu {Fire MR++ Dex+4}

@: very slightly contaminated, very slow
A: beak, talons 3, able to fly 1
a: Fly, Bend Time, Renounce Religion


You were on level 6 of the Dungeon.
You worshipped Cheibriados.
Cheibriados was noncommittal.
You were not hungry.

You visited 2 branches of the dungeon, and saw 7 of its levels.

You collected 167 gold pieces.

Inventory:

Hand Weapons
 a - a +0 flail of draining (weapon)
 b - a +0 short sword of holy wrath
 n - a +0 hunting sling
 t - a +0 spear
 v - a +0 rapier
Missiles
 u - 14 stones (quivered)
Armour
 e - a +0 ring mail
 o - a +0 robe
 s - a +3 ring mail (worn)
Jewellery
 g - a +6 ring of strength (left hand)
 p - an uncursed ring of resist corrosion
 q - the ring of Sylyph Neatu (right hand) {Fire MR++ Dex+4}
   (You found it on level 4 of the Dungeon)

   [ring of fire]

   It enhances your fire magic.
   It affects your dexterity (+4).
   It protects you from fire.
   It makes you vulnerable to cold.
   It affects your resistance to hostile enchantments.
Scrolls
 j - a scroll of identify {unknown}
 k - 2 scrolls of teleportation {unknown}
 l - a scroll of enchant armour {unknown}
 m - a scroll of amnesia {unknown}
 y - a scroll of enchant weapon {unknown}
 A - a scroll of remove curse {unknown}
 C - a scroll of blinking {unknown}
Potions
 d - 2 potions of curing {unknown}
 f - 2 potions of agility {unknown}
 h - 3 potions of might {unknown}
 i - a potion of magic {unknown}
 r - a potion of heal wounds {unknown}
 z - a potion of lignification {unknown}
 B - 2 potions of cancellation {unknown}
Books
 x - a book of Flames

   Spells                             Type                      Level
   a - Flame Tongue                   Conjuration/Fire             1
   b - Throw Flame                    Conjuration/Fire             2
   c - Conjure Flame                  Conjuration/Fire             3
   d - Inner Flame                    Hexes/Fire                   3
   e - Sticky Flame                   Conjuration/Fire             4
   f - Fireball                       Conjuration/Fire             5
Comestibles
 c - 4 rations
 w - a chunk of flesh


   Skills:
 - Level 2.2 Fighting
 - Level 3.6 Armour
 + Level 3.2 Dodging
 - Level 2.0 Stealth
 - Level 2.0 Spellcasting
 + Level 7.1 Conjurations
 - Level 3.2 Fire Magic


You had 6 spell levels left.
You knew the following spells:

 Your Spells              Type           Power        Failure   Level  Hunger
a - Flame Tongue          Conj/Fire      ####.        3%          1    #......
c - Conjure Flame         Conj/Fire      ####....     12%         3    ###....


Dungeon Overview and Level Annotations

Branches:
Dungeon (6/15)             Temple (1/1) D:4

Altars:
Ashenzari
Cheibriados
Dithmenos
Elyvilon
Fedhas
Hepliaklqana
Kikubaaqudgha
Okawaru
Qazlal
Ru
Sif Muna
Trog
Vehumet
Wu Jian
Xom


Innate Abilities, Weirdness & Mutations

You have a beak for a mouth.
You have claws for feet.
You can fly.


Message History

* * * LOW HITPOINT WARNING * * *
Unknown command.
Casting: Flame Tongue
Confirm with . or Enter, or press ? or * to list all spells.
Aiming: Flame Tongue
Press: ? - help, Shift-Dir - straight line, f/p - ogre
Aim: an ogre, wielding a giant club (severely wounded, lightly drained)
You feel a surge of power!
You miscast Flame Tongue.
You are very lightly contaminated with residual magic.
Lukewarm flames ripple over your body.
Unknown command.
Casting: Flame Tongue
Confirm with . or Enter, or press ? or * to list all spells.
Aiming: Flame Tongue
Press: ? - help, Shift-Dir - straight line, f/p - ogre
Aim: an ogre, wielding a giant club (severely wounded, lightly drained)
You feel a surge of power!
The flame tongue hits the ogre.
The ogre is almost dead.
The ogre hits you with a giant club!
You die...

+....## #..##
#.....###....# #
##.........# #⌠
##.$##.....## #.<
#..###.....#
#⌠o.##..#.....##
#..o##.......##
#..⌠#O####...#
#..+@# ##...####.
##⌠#####.........
######..####....
###..##..## ####
#.....(.##
....####...#####
. ##......###
##.####.<# ###
##.#


You could see an ogre.

Vanquished Creatures
  The ghost of Mirai the Chopper, an amateur HOFi (D:4)
  An ogre (D:5)
  A bullfrog zombie (D:4)
  A jelly (D:6)
  3 orc wizards (D:4)
  A worker ant (D:5)
  4 gnolls (D:4)
  A howler monkey skeleton (D:4)
  An adder (D:3)
  An ooze (D:5)
  A leopard gecko (D:3)
  11 orcs
  2 ball pythons
  A giant cockroach (D:4)
  3 goblins
  3 hobgoblins
  A jackal (D:4)
  2 kobolds
  6 bats
  2 frilled lizards (D:3)
  2 rats (D:3)
49 creatures vanquished.

Notes
Turn   | Place    | Note
-------+----------+-------------------------------------------
     0 | D:1      | letownia2 the Tengu Fire Elementalist began the quest for the Orb.
     0 | D:1      | Reached XP level 1. HP: 10/10 MP: 4/4
    68 | D:1      | Reached skill level 2 in Conjurations
   174 | D:2      | Reached XP level 2. HP: 15/15 MP: 0/6
   222 | D:3      | Reached skill level 3 in Conjurations
   304 | D:3      | Reached XP level 3. HP: 17/19 MP: 0/7
   324 | D:3      | Reached skill level 4 in Conjurations
   464 | D:4      | Found a blossoming altar of Fedhas.
   542 | D:4      | Got a smoking wooden ring
   543 | D:4      | Identified the ring of Sylyph Neatu {Fire MR++ Dex+4} (You found it on level 4 of the Dungeon)
   611 | D:4      | Reached skill level 5 in Conjurations
   611 | D:4      | Reached XP level 4. HP: 12/24 MP: 0/8
   702 | D:4      | HP: 1/24 [something/magic dart (5)]
   786 | D:4      | Reached skill level 6 in Conjurations
   845 | D:4      | Gained mutation: You can fly. [Tengu growth]
   845 | D:4      | Reached XP level 5. HP: 15/28 MP: 6/9
   897 | D:4      | Learned a level 3 spell: Conjure Flame
   947 | D:4      | Reached skill level 1 in Armour
   979 | D:4      | Reached skill level 1 in Fighting
  1042 | D:4      | Found a staircase to the Ecumenical Temple.
  1051 | Temple   | Entered the Ecumenical Temple
  1095 | Temple   | Became a worshipper of Cheibriados the Contemplative
  1126 | D:4      | Noticed Mirai's ghost (amateur HOFi)
  1136 | D:4      | Killed Mirai's ghost
  1136 | D:4      | Reached XP level 6. HP: 18/35 MP: 3/10
  1159 | D:5      | Entered Level 5 of the Dungeon
  1194 | D:5      | Reached XP level 7. HP: 29/40 MP: 0/11
  1255 | D:5      | Reached skill level 7 in Conjurations
  1313 | D:6      | Slain by an ogre

Skill      XL: |  1  2  3  4  5  6  7 |
---------------+----------------------+-----
Conjurations   | 2 3 5 6 7 |  7.1
Armour         | 3 |  3.6
Fighting       | 2 |  2.2
Dodging        | 3 |  3.2
Stealth        | |  2.0
Spellcasting   | |  2.0
Fire Magic     | |  3.2

Action                   |  1- 3 |  4- 6 |  7- 9 || total
-------------------------+-------+-------+-------++-------
Melee: Unarmed           |     8 |       |       ||     8
       Kick              |     3 |     7 |     1 ||    11
       Rapier            |     1 |     7 |       ||     8
       Peck              |     1 |     1 |     2 ||     4
       Flail             |       |     6 |     3 ||     9
 Cast: Flame Tongue      |    44 |    35 |     9 ||    88
       Conjure Flame     |       |     3 |       ||     3
  Eat: Chunk             |       |     1 |     2 ||     3
Armor: Robe              |     5 |       |       ||     5
       Ring mail         |       |     9 |     1 ||    10
Dodge: Dodged            |    22 |     7 |     4 ||    33
